 Dungeon Crawl Stone Soup version 0.31.0-12-g77e489cdc1 (webtiles) character file.

Game seed: 3367396967400942932

20314 cdecastro the Carver (level 12, 0/113 HPs)
             Began as an Armataur Warper on Feb 27, 2024.
             Was a Priest of Dithmenos.
             Slain by a dire elephant simulacrum (2 damage)
             ... in an ice cave on Feb 28, 2024.
             The game lasted 00:33:28 (12703 turns).

cdecastro the Carver (Armataur Warper)             Turns: 12703, Time: 00:33:29

Health: 0/113      AC: 15    Str: 21    XL:     12   Next: 44%
Magic:  14/14      EV:  6    Int: 15    God:    Dithmenos [***...]
Gold:   458        SH:  0    Dex:  9    Spells: 14/14 levels left

rFire   . . .        a - +5 falchion "Laosk" {spect, rPois rN+ Stlth+}
rCold   + . .        (no shield)
rNeg    + . .        L - +3 chain mail {rF+}
rPois   +            j - +0 helmet
rElec   .            x - +0 cloak
rCorr   +            G - +2 pair of gloves
SInv    .            (no barding)
Will    .....        K - amulet of regeneration Stlth
                     O - ring of resist corrosion
HPRegen 1.18/turn    H - ring of ice
MPRegen 0.14/turn

%: roll
@: wreathed by umbra
A: large, deformed body, tough skin 3, armoured tail, roll 2
a: Renounce Religion, Shadow Step


You were in an ice cave.
You worshipped Dithmenos.
Dithmenos was most pleased with you.
You visited 2 branches of the dungeon, and saw 13 of its levels.
You also visited: Ice Cave.

You collected 693 gold pieces.
You spent 235 gold pieces at shops.

Inventory:

Hand Weapons
 a - the +5 falchion "Laosk" (weapon) {spect, rPois rN+ Stlth+}
   (You found it on level 3 of the Dungeon)

   rPois:     It protects you from poison rN+: It protects you from negative
   energy.
   Stlth+:    It makes you more stealthy.
 b - the +7 longbow "Juaziss" {flame, +Blink rPois Str-3 Int+3}
   (You took it off an orc priest on level 8 of the Dungeon)

   Str-3:     It affects your strength (-3).
   Int+3:     It affects your intelligence (+3).
   rPois:     It protects you from poison +Blink: It lets you blink.
 P - a +6 long sword of freezing
 Q - a +4 dagger
Missiles
 d - 7 darts of dispersal (quivered)
 m - 38 poisoned darts
 E - 17 boomerangs
 I - 5 atropa-tipped darts
Armour
 j - a +0 helmet (worn)
 x - a +0 cloak (worn)
 G - a +2 pair of gloves (worn)
 L - a +3 chain mail of fire resistance (worn)
Jewellery
 y - a ring of poison resistance
 B - a ring of protection from fire
 H - a ring of ice (right hand)
 J - an amulet of faith
 K - an amulet of regeneration (around neck)
 N - a +6 ring of intelligence
 O - a ring of resist corrosion (left hand)
 S - an amulet of the acrobat
Wands
 u - a wand of paralysis (30)
 v - a wand of roots (11)
 w - a wand of flame (29)
 z - a wand of light (17)
 U - a wand of polymorph (6)
Scrolls
 c - 2 scrolls of blinking
 i - 3 scrolls of vulnerability {unknown}
 n - 3 scrolls of fog {unknown}
 o - 10 scrolls of identify {unknown}
 p - 3 scrolls of enchant armour {unknown}
 s - 4 scrolls of teleportation {unknown}
 A - a scroll of butterflies {unknown}
 C - a scroll of noise {unknown}
 D - 2 scrolls of silence {unknown}
 R - a scroll of amnesia {unknown}
 T - a scroll of immolation {unknown}
 W - a scroll of fear {unknown}
 Y - a scroll of revelation {unknown}
Potions
 e - a potion of resistance {unknown}
 f - 2 potions of brilliance {unknown}
 g - 6 potions of curing
 h - 2 potions of cancellation {unknown}
 k - a potion of degeneration {unknown}
 l - a potion of haste {unknown}
 q - 3 potions of enlightenment {unknown}
 t - a potion of might {unknown}
 F - 3 potions of attraction {unknown}
 M - 2 potions of berserk rage {unknown}
 V - 2 potions of lignification {unknown}
 X - a potion of invisibility {unknown}
 Z - a potion of heal wounds {unknown}
Miscellaneous
 r - a box of beasts (inert)


   Skills:
 - Level 12.6 Fighting
 - Level 14.0 Long Blades
 - Level 3.9 Maces & Flails
 - Level 0.8 Throwing
 - Level 1.2 Armour
 - Level 1.3 Dodging
 - Level 1.7 Spellcasting
 - Level 3.0 Translocations
 * Level 0.0 Evocations


You had 14 spell levels left.
You didn't know any spells.
Your spell library contained the following spells:

 Spells                   Type           Power      Damage    Failure   Level
 Apportation              Tloc           20%        N/A       45%         1
 Blink                    Tloc           20%        N/A       61%         2
 Lesser Beckoning         Tloc           20%        N/A       61%         2
 Momentum Strike          Conj/Tloc      10%        3d8       82%         2
 Teleport Other           Tloc           10%        N/A       83%         3
 Ensorcelled Hibernation  Hex/Ice        2%         N/A       95%         2
 Jinxbite                 Hex            2%         N/A       95%         2
 Sublimation of Blood     Necr           1%         N/A       95%         2
 Passwall                 Erth           1%         N/A       99%         3
 Swiftness                Air            1%         N/A       99%         3
 Tukima's Dance           Hex            1%         N/A       99%         3
 Manifold Assault         Tloc           10%        N/A       99%         4
 Passage of Golubria      Tloc           10%        N/A       99%         4
 Ignite Poison            Fire/Alch      1%         N/A       100%        4
 Petrify                  Alch/Erth      1%         N/A       100%        4
 Sticky Flame             Fire/Alch      1%         2d4       100%        4
 Vhi's Electric Charge    Tloc/Air       10%        N/A       100%        4
 Alistair's Intoxication  Alch           0%         N/A       100%        5
 Irradiate                Conj/Alch      0%         3d11      100%        5
 Yara's Violent Unravell  Hex/Alch       0%         3d3       100%        5
 Conjure Ball Lightning   Conj/Air       0%         3x3d6     100%        6
 Discord                  Hex            0%         N/A       100%        8
 Disjunction              Tloc           5%         N/A       100%        8
 Ignition                 Fire           0%         3d3       100%        8


Dungeon Overview and Level Annotations

Branches:
Dungeon (12/15)            Temple (1/1) D:7            Lair (0/5) D:9
    Orc (0/2) D:12          IceCv (1/1)

Altars:
Ashenzari
Cheibriados
Dithmenos
Elyvilon
Fedhas
Gozag
Hepliaklqana
Kikubaaqudgha
Makhleb
Nemelex Xobeh
Okawaru
Qazlal
Ru
Sif Muna
Trog
Uskayaw
Vehumet
Wu Jian
Xom
Yredelemnul
Zin
The Shining One

Shops:
D:6 =*!

Annotations:
D:3 2 runed translucent doors, Poisondrake's ghost, amateur GrEE
D:7 3 runed translucent doors, DiddlyDoom's ghost, amateur MiBe


Innate Abilities, Weirdness & Mutations

Armour fits poorly on your strangely shaped body.
You have extremely tough skin. (AC +3)
You have a long armoured tail.
You regenerate magic and health when rolling toward enemies. (Rampage Regen)


Message History

Your larval batshock beast completely misses the ice devil.
Unknown command.
You hit the dire elephant simulacrum.
You tail-slap the dire elephant simulacrum!
The dire elephant simulacrum is moderately damaged.
Your +5 falchion "Laosk" {spect, rPois rN+ Stlth+} barely misses the dire elephant simulacrum.
Your larval batshock beast misses the ice devil.
The dire elephant simulacrum tramples you!!
* * * LOW HITPOINT WARNING * * *
You hold your ground!
The dire elephant simulacrum trunk-slaps you but does no damage.
You barely miss the ice devil.
The ice devil is lightly wounded.
Your +5 falchion "Laosk" {spect, rPois rN+ Stlth+} completely misses the ice devil.
Unknown command.
You barely miss the ice devil.
Your tail-slap misses the ice devil.
The ice devil is lightly wounded.
Your +5 falchion "Laosk" {spect, rPois rN+ Stlth+} hits the ice devil.
Your larval batshock beast hits the ice devil but does no damage.
The ice devil hits you.
* * * LOW HITPOINT WARNING * * *
The ice devil freezes you! You resist.
* * * LOW HITPOINT WARNING * * *
The dire elephant simulacrum tramples you!
* * * LOW HITPOINT WARNING * * *
You stumble backwards!
Your larval batshock beast hits the ice devil but does no damage.
Unknown command.
Unknown command.
Okay, then.
Okay, then.
Unknown command.
Your +5 falchion "Laosk" {spect, rPois rN+ Stlth+} disappears.
Your larval batshock beast barely misses the ice devil.
The dire elephant simulacrum attacks as it pursues you!
The dire elephant simulacrum tramples you!
* * * LOW HITPOINT WARNING * * *
You hold your ground!
The dire elephant simulacrum trunk-slaps you.
You die...

#####
##...##
##.....##
#@..∩...#
#.Z.∩...#
##4....##
##...##
##H..#
#...##
#...##
##...#
####...####


You could see an ice devil (ally target), a dire elephant simulacrum and a
friendly larval batshock beast (summoned).

Vanquished Creatures
  3 two-headed ogres
  2 boulder beetles (D:11)
  A manticore (D:11)
  Maurice (D:9)
  2 cyclopes
  2 ugly things
  2 ice statues (IceCv)
  Maggie (D:8)
  Jeremiah (D:7)
  A kobold demonologist (D:12)
  5 ice devils
  An anaconda simulacrum (IceCv)
  2 trolls (D:10)
  Grinder (D:3)
  A dire elephant simulacrum (IceCv)
  A vampire (D:11)
  A shadow (D:9)
  3 wraiths
  24 yaks
  Grum (D:9)
  Menkaure (D:5)
  8 vampire mosquitoes
  A death yak simulacrum (IceCv)
  An acid dragon (D:11)
  Edmund (D:5)
  A hydra simulacrum (IceCv)
  3 water moccasins
  A sky beast (D:6)
  9 orc warriors
  2 ice beasts (D:7)
  3 ogres
  5 centaurs
  4 wolves
  A phantom (D:5)
  4 kobold brigands
  A bullfrog (D:8)
  A two-headed ogre simulacrum (IceCv)
  A wyvern zombie (D:7)
  A scorpion (D:4)
  14 wights (D:7)
  5 howler monkeys
  An electric eel (D:6)
  3 centaur zombies (D:7)
  2 hounds
  2 bombardier beetles
  2 gnoll boudas
  A jelly (D:5)
  11 orc priests
  A sleepcap (D:5)
  Jessica (D:3)
  5 iguanas
  Ijyb (D:3)
  11 orc wizards
  A wolf simulacrum (IceCv)
  2 killer bee zombies (D:7)
  20 gnolls
  12 adders
  A naga simulacrum (IceCv)
  4 shadow imps
  3 white imps
  4 ufetubi
  3 dart slugs
  26 orcs
  8 ball pythons
  4 bats
  5 endoplasms
  4 giant cockroaches
  8 goblins
  12 hobgoblins
  4 quokkas
  2 frilled lizards
  22 kobolds
  10 rats
  A butterfly (D:3)
321 creatures vanquished.

Vanquished Creatures (others)
  4 spectral weapons
4 creatures vanquished.

Grand Total: 325 creatures vanquished

Notes
Turn   | Place    | Note
-------+----------+-------------------------------------------
     0 | D:1      | cdecastro the Armataur Warper began the quest for the Orb.
     0 | D:1      | Reached XP level 1. HP: 17/17 MP: 3/3
   215 | D:1      | Reached XP level 2. HP: 24/24 MP: 4/4
   450 | D:1      | Found a faded altar of an unknown god.
   947 | D:2      | Reached XP level 3. HP: 29/29 MP: 5/5
  1691 | D:3      | Identified the +5 falchion "Laosk" {spect, rPois rN+
                  | Stlth+}
  1715 | D:3      | Noticed Ijyb
  1719 | D:3      | Killed Ijyb
  1720 | D:3      | Reached skill level 1 in Long Blades
  1720 | D:3      | Reached XP level 4. HP: 31/36 MP: 6/6
  1768 | D:3      | Noticed Grinder
  1788 | D:3      | Killed Grinder
  1789 | D:3      | Reached skill level 4 in Long Blades
  1789 | D:3      | Reached XP level 5. HP: 33/41 MP: 7/7
  1789 | D:3      | Reached XP level 6. HP: 39/48 MP: 8/8
  1995 | D:3      | Noticed Jessica
  2003 | D:3      | Killed Jessica
  2121 | D:3      | Found a large runed translucent door.
  2121 | D:3      | Found a large runed translucent door.
  2122 | D:3      | Noticed Poisondrake's ghost (amateur GrEE)
  2438 | D:3      | Reached skill level 5 in Long Blades
  2672 | D:4      | Gained mutation: You regenerate magic and health when
                  | rolling toward enemies. (Rampage Regen) [Armataur growth]
  2672 | D:4      | Reached XP level 7. HP: 53/53 MP: 9/9
  2777 | D:4      | Reached skill level 6 in Long Blades
  3382 | D:5      | Entered Level 5 of the Dungeon
  3383 | D:5      | Noticed Edmund
  3407 | D:5      | Killed Edmund
  3408 | D:5      | Reached skill level 7 in Long Blades
  3683 | D:5      | Reached XP level 8. HP: 59/60 MP: 10/10
  3819 | D:5      | Noticed Menkaure
  3824 | D:5      | Killed Menkaure
  3825 | D:5      | Reached skill level 8 in Long Blades
  4400 | D:6      | Reached skill level 9 in Long Blades
  4495 | D:6      | Found Cont's Jewellery Boutique.
  4634 | D:6      | Found Yrataure's Assorted Antiques.
  4757 | D:6      | Bought a scroll labelled UDGHITREIFU for 20 gold pieces
  4757 | D:6      | Bought a scroll labelled FANTAO ESUCKEL for 20 gold pieces
  4757 | D:6      | Bought a shiny chain mail for 150 gold pieces
  4833 | D:6      | Reached skill level 10 in Long Blades
  4833 | D:6      | Reached XP level 9. HP: 67/67 MP: 11/11
  5099 | D:6      | Found Ephecity's Distillery.
  5104 | D:6      | Bought a potion of curing for 45 gold pieces
  5315 | D:7      | Found a runed translucent gate.
  5316 | D:7      | Found a runed translucent gate.
  5317 | D:7      | Found a runed translucent gate.
  5317 | D:7      | Noticed DiddlyDoom's ghost (amateur MiBe)
  5364 | D:7      | Found a shadowy altar of Dithmenos.
  5387 | D:7      | Reached skill level 11 in Long Blades
  5407 | D:7      | Found an iron altar of Okawaru.
  5784 | D:7      | Reached skill level 12 in Long Blades
  5948 | D:7      | Noticed Jeremiah
  6201 | D:7      | Killed Jeremiah
  6314 | D:7      | Found a staircase to the Ecumenical Temple.
  6321 | D:7      | Reached XP level 10. HP: 71/73 MP: 12/12
  6394 | D:7      | Became a worshipper of Dithmenos the Shadowed
  6450 | Temple   | Entered the Ecumenical Temple
  6690 | D:8      | Noticed Maggie
  6710 | D:8      | Killed Maggie
  6711 | D:8      | Reached skill level 13 in Long Blades
  7363 | D:8      | Identified the +7 longbow "Juaziss" {flame, +Blink rPois
                  | Str-3 Int+3}
  7375 | D:8      | Reached * piety under Dithmenos
  7709 | D:8      | Reached skill level 14 in Long Blades
  8068 | D:9      | Noticed Maurice
  8076 | D:9      | Killed Maurice
  8209 | D:9      | Reached skill level 5 in Fighting
  8259 | D:9      | Noticed Grum
  8281 | D:8      | Reached ** piety under Dithmenos
  8479 | D:9      | Killed Grum
  8480 | D:9      | Reached XP level 11. HP: 74/88 MP: 13/13
  8894 | D:9      | Found a staircase to the Lair.
  8993 | D:9      | Found a glowing golden altar of the Shining One.
  9058 | D:10     | Entered Level 10 of the Dungeon
 10181 | D:11     | Noticed a boulder beetle
 10225 | D:11     | Killed a boulder beetle
 10242 | D:11     | Noticed a two-headed ogre
 10247 | D:11     | Killed a two-headed ogre
 10268 | D:11     | Noticed a boulder beetle
 10284 | D:11     | Reached *** piety under Dithmenos
 10338 | D:11     | Killed a boulder beetle
 10520 | D:11     | Noticed a two-headed ogre
 10542 | D:11     | Killed a two-headed ogre
 10595 | D:11     | Reached skill level 10 in Fighting
 10817 | D:11     | Noticed a boulder beetle
 11024 | D:11     | Noticed a purple ugly thing
 11036 | D:11     | Killed a purple ugly thing
 11160 | D:11     | Reached XP level 12. HP: 86/108 MP: 14/14
 11649 | D:12     | Found a staircase to the Orcish Mines.
 11797 | D:12     | Found the +6 shillelagh "Devastator" {shatter}
 11841 | D:12     | Noticed a two-headed ogre
 11857 | D:12     | Killed a two-headed ogre
 11905 | D:12     | Found a frozen archway.
 11962 | IceCv    | Entered an ice cave
 12703 | IceCv    | HP: 2/113 [dire elephant simulacrum (8)]
 12703 | IceCv    | Slain by a dire elephant simulacrum

Illustrated notes

Levels and vault maps discovered:
D:1:      lightli_arrival_lavapool, layout_loops_cross,
          shapermc_ecumenical_altar_ellora
D:2:      layout_basic, chequers_serial_rivers_micro_c
D:3:      layout_basic, ebering_ghost_disaster_area,
          corexii_item_surrounded_by_moat, fountainhead, hangedman_glass_garden,
          uniq_jessica, uniq_ijyb, uniq_grinder
D:4:      layout_cave_pools, st_stairs_2, nicolae_half_adder
D:5:      layout_cave_pools, kennysheep_small_spiral, uniq_edmund, uniq_menkaure
D:6:      layout_basic, serial_shops, nicolae_shop_just_a_little_nook, shop,
          shop, minmay_crystal_water, hex_tiny, nicolae_water_bricks
D:7:      layout_rooms, okawaru_gym_becter, kennysheep_mini,
          minmay_temple_entry_proselytizer, gammafunk_ghost_split,
          serial_undead, serial_undead_d, serial_undead_e, serial_undead_e,
          serial_undead_e, uniq_jeremiah
D:8:      layout_rooms, uniq_maggie
D:9:      nicolae_whirlpool, layout_cave_pools, nicolae_tso_swordbearing_angel,
          dpeg_oklobed_lair, uniq_grum, uniq_maurice
D:10:     layout_roguey
D:11:     minmay_recursive_quarters, layout_long_grid
D:12:     layout_cave_pools, orc_0_dummy, portal_ice_cave_demonic_guard
Temple:   nicolae_temple_bog_church
IceCv:    ice_cave_tombish

Skill      XL: |  1  2  3  4  5  6  7  8  9 10 11 12 |
---------------+-------------------------------------+-----
Maces & Flails | 2 3 |  3.9
Long Blades    | 1 4 5 7 10 12 14 | 14.0
Fighting       | 5 10 12 | 12.6
Throwing       | |  0.8
Armour         | |  1.2
Dodging        | |  1.3
Spellcasting   | |  1.7
Translocations | |  3.0

Action                     |  1- 3 |  4- 6 |  7- 9 | 10-12 || total
---------------------------+-------+-------+-------+-------++-------
  Melee: Mace              |   146 |       |       |       ||   146
         Punch             |     2 |     2 |     4 |    10 ||    18
         Tailslap          |    15 |     2 |    55 |   155 ||   227
         Falchion          |     3 |    66 |   360 |   796 ||  1225
   Fire: Longbow           |       |       |       |    12 ||    12
  Evoke: Wand              |       |       |     1 |    20 ||    21
         Box of beasts     |       |       |       |     1 ||     1
   Stab: Sleeping          |       |     2 |       |       ||     2
         Distracted        |       |       |     2 |     3 ||     5
         Paralysed         |       |       |     3 |    15 ||    18
 Armour: Leather armour    |   109 |    34 |       |       ||   143
         Ring mail         |       |       |   128 |       ||   128
         Chain mail        |       |       |   132 |   525 ||   657
  Dodge: Dodged            |    71 |    26 |    97 |   136 ||   330
